 Dungeon Crawl Stone Soup version 0.31-a0-358-gac0dbeb3ab (webtiles) character file.

Game seed: 4874338907279729499

241 Locuples the Cutter (level 5, -1/42 HPs)
             Began as a Demonspawn Monk on July 26, 2023.
             Slain by an orc wizard
             ... wielding a +0 dagger
              (4 damage)
             ... on level 4 of the Dungeon.
             The game lasted 00:05:47 (3027 turns).

Locuples the Cutter (Demonspawn Monk)               Turns: 3027, Time: 00:05:48

Health: -1/42      AC:  6    Str: 11    XL:     5   Next: 80%
Magic:  5/5        EV: 13    Int: 12    God:
Gold:   124        SH:  4    Dex: 17    Spells: 4/4 levels left

rFire   . . .        a - +0 short sword
rCold   . . .        (no shield)
rNeg    . . .        b - +0 robe
rPois   .            (helmet restricted)
rElec   .            (no cloak)
rCorr   .            (no gloves)
SInv    .            (no boots)
Will    .....        (no amulet)
Stlth   ++           (no ring)
HPRegen 0.27/turn    (no ring)
MPRegen 0.09/turn

%: no passive effects
@: no status effects
A: horns 1, icemail 1, condensation shield
a: no special abilities


You were on level 4 of the Dungeon.
You visited 1 branch of the dungeon, and saw 4 of its levels.

You collected 124 gold pieces.

Inventory:

Hand Weapons
 a - a +0 short sword (weapon)
Armour
 b - a +0 robe (worn)
Wands
 l - a wand of iceblast (5)
Scrolls
 d - 2 scrolls of amnesia {unknown}
 e - a scroll of torment {unknown}
 g - a scroll of immolation {unknown}
 h - a scroll of silence {unknown}
 k - a scroll of blinking {unknown}
Potions
 f - a potion of brilliance {unknown}
 i - 2 potions of curing {unknown}
 j - 2 potions of enlightenment {unknown}
 m - a potion of lignification {unknown}
 n - a potion of attraction {unknown}


   Skills:
 + Level 3.8 Fighting
 + Level 4.4 Short Blades
 + Level 3.2 Dodging
 * Level 2.5 Stealth
 + Level 0.6 Shields


You had 4 spell levels left.
You didn't know any spells.
Your spell library contained the following spells:

 Spells                   Type           Power      Damage    Failure   Level
 Poisonous Vapours        Pois/Air       0%         N/A       45%         2
 Mephitic Cloud           Conj/Pois/Air  0%         N/A       69%         3
 Portal Projectile        Hex/Tloc       0%         N/A       69%         3
 Tukima's Dance           Hex            0%         N/A       69%         3
 Iskenderun's Mystic Bla  Conj/Tloc      0%         2d3       97%         4
 Freezing Cloud           Conj/Ice/Air   0%         6-21      100%        5


Dungeon Overview and Level Annotations

Branches:
Dungeon (4/15)
 Temple: D:4-7

Altars:

Shops:
D:2 !


Innate Abilities, Weirdness & Mutations

You have a pair of small horns on your head.
A meltable icy envelope protects you from harm. (AC +4)
A meltable shield of frost defends you. (SH +4)


Message History

The puff of flame misses you.
You bump into the rock wall.
The orc priest mumbles some strange prayers to Beogh against you.
Beogh smites you! Something hits you but does no damage.
You bump into the rock wall.
Something hits you.
You bump into the rock wall.
Something hits you.
You miss something. Your headbutt misses something. You miss something.
You headbutt something.
You feel less confused. Something hits you.
* * * LOW HITPOINT WARNING * * *
You miss something. Something hits you but does no damage.
You are confused.
You feel invigorated.
You hear some strange, mumbled words.
A magic dart appears from out of thin air!
The magic dart hits you!
* * * LOW HITPOINT WARNING * * *
Unknown command.
You bump into the rock wall.
Something hits you but does no damage.
You closely miss something. Something hits you.
You bump into the rock wall.
You feel less invigorated.
You feel less confused. Something hits you.
You closely miss something. Something completely misses you.
You hit something but do no damage. Your headbutt misses something.
You hit something. Your headbutt misses something. Your punch misses something.
Something hits you but does no damage.
You closely miss something. Your headbutt misses something.
The orc priest invokes the aid of Beogh against you.
Beogh smites you!
* * * LOW HITPOINT WARNING * * *
Something hits you but does no damage.
You hit something. Something hits you.
* * * LOW HITPOINT WARNING * * *
You completely miss something. Your headbutt misses something.
Something barely misses you.
You barely miss something. You hit something. Your headbutt misses something.
Something hits you.
You die...

## # # #
###.##### #
......).## #
.######.o####
# ##og{@## #
####.†# ###
##.# ##.. #.#
#..# #.#
###.## #.#
##...# #(#
#..###
#.###### #.##
#.#....# #.#


You could see an orc priest, an orc and a hobgoblin.

Vanquished Creatures
  Jessica (D:2)
  Ijyb (D:3)
  Natasha (D:2)
  Robin (D:3)
  3 gnolls (D:2)
  3 adders
  2 worms
  5 dart slugs
  5 orcs (D:4)
  3 ball pythons
  5 endoplasms
  2 giant cockroaches
  12 goblins
  12 hobgoblins
  2 kobolds (D:1)
  3 quokkas
  4 bats
  8 frilled lizards
  5 rats
78 creatures vanquished.

Vanquished Creatures (others)
  A ball python (D:3)
1 creature vanquished.

Grand Total: 79 creatures vanquished

Notes
Turn   | Place    | Note
-------+----------+-------------------------------------------
     0 | D:1      | Locuples the Demonspawn Monk began the quest for the Orb.
     0 | D:1      | Reached XP level 1. HP: 18/18 MP: 1/1
   119 | D:1      | Gained mutation: You have a pair of small horns on your
                  | head. [demonic ancestry]
   119 | D:1      | Reached XP level 2. HP: 21/24 MP: 2/2
   230 | D:1      | Reached skill level 3 in Short Blades
   299 | D:1      | Found a faded altar of an unknown god.
   551 | D:1      | Reached skill level 1 in Stealth
   749 | D:2      | Gained mutation: A meltable shield of frost defends you.
                  | (SH +4) [demonic ancestry]
   749 | D:2      | Reached XP level 3. HP: 15/29 MP: 3/3
  1051 | D:2      | Noticed Jessica
  1067 | D:2      | Killed Jessica
  1068 | D:2      | Gained mutation: A meltable icy envelope protects you from
                  | harm. (AC +4) [demonic ancestry]
  1068 | D:2      | Reached XP level 4. HP: 13/35 MP: 4/4
  1275 | D:2      | Found Newno's Distillery.
  1377 | D:2      | Noticed Natasha
  1405 | D:2      | Killed Natasha
  1406 | D:2      | Reached skill level 4 in Short Blades
  1674 | D:2      | Reached XP level 5. HP: 28/42 MP: 5/5
  2111 | D:3      | Noticed Robin
  2152 | D:3      | Killed Robin
  2353 | D:3      | Noticed Ijyb
  2386 | D:3      | Killed Ijyb
  3027 | D:4      | Slain by an orc wizard

Illustrated notes

Levels and vault maps discovered:
D:1:      ldierk_walled_garden_2, layout_basic,
          shapermc_ecumenical_altar_mp_highgroup
D:2:      layout_basic, serial_shops, shop, serial_bayou_ford_a,
          minmay_octomino_j4, uniq_natasha, uniq_jessica
D:3:      layout_rooms, lemuel_tele_altar, lemuel_flame_loot_1, uniq_robin,
          uniq_ijyb
D:4:      layout_basic, mainiacjoe_overflow_brackets

Skill      XL: |  1  2  3  4  5 |
---------------+----------------+-----
Short Blades   | 3 4 |  4.4
Stealth        | 1 2 |  2.5
Dodging        | 3 |  3.2
Fighting       | |  3.8
Shields        | |  0.6

Action                     |  1- 3 |  4- 6 || total
---------------------------+-------+-------++-------
  Melee: Short sword       |    88 |   264 ||   352
         Headbutt          |    13 |    54 ||    67
    Use: Potion            |       |     2 ||     2
   Stab: Sleeping          |     2 |     3 ||     5
 Armour: Robe              |    12 |    68 ||    80
  Dodge: Dodged            |    36 |   151 ||   187
  Block: Other             |     3 |    41 ||    44

Table legend: (Time is in decaauts)
 A = Elapsed time spent in this place.
 B = Non-inter-level travel time spent in this place.
 C = Inter-level travel time spent in this place.
 D = Time resting spent in this place.
 E = Time spent auto-exploring this place.
 F = Levels seen in this place.
 G = Mean time per level.
                   A        B        C        D        E       F      G
               +--------+--------+--------+--------+--------+-----+--------+
         Total |   3006 |   2978 |     28 |    255 |   1859 |   4 |  751.5 |
       Dungeon |   3006 |   2978 |     28 |    255 |   1859 |   4 |  751.5 |
               +--------+--------+--------+--------+--------+-----+--------+

Top non-repeatable levels by time:
     D:2: 1327 daAuts
     D:1: 727 daAuts
     D:3: 695 daAuts
     D:4: 256 daAuts
